 Dungeon Crawl Stone Soup version 0.30.0-30-g96aa6591b8 (webtiles) character file.

Game seed: 1130494316903433038

3170 McKennaii the Destroyer (level 9, -3/62 HPs)
             Began as a Demigod Conjurer on June 30, 2023.
             Shot with a sling bullet by Joseph (20 damage)
             ... on level 7 of the Dungeon.
             The game lasted 00:09:14 (7405 turns).

McKennaii the Destroyer (Demigod Conjurer)          Turns: 7405, Time: 00:09:15

Health: -3/62      AC:  6    Str: 11    XL:     9   Next: 36%
Magic:  18/34      EV: 11    Int: 32    God:
Gold:   559        SH:  0    Dex:  8    Spells: 17/24 levels left

rFire   + + .        s - +10 dagger of Foziaku {flame, rPois rF++ Str+3 Dex-4 SInv}
rCold   . . .        (no shield)
rNeg    . . .        y - +0 steam dragon scales
rPois   +            t - +0 helmet
rElec   .            (no cloak)
rCorr   .            (no gloves)
SInv    +            (no boots)
Will    .....        (no amulet)
Stlth   +            j - ring of magical power
HPRegen 0.30/turn    k - ring of flight
MPRegen 0.24/turn

%: no passive effects
@: flying
A: high MP 1, forlorn, divine attributes
a: no special abilities


You were on level 7 of the Dungeon.
You visited 1 branch of the dungeon, and saw 7 of its levels.
You also visited: Sewer.

You collected 559 gold pieces.

Inventory:

Hand Weapons
 s - the +10 dagger of Foziaku (weapon) {flame, rPois rF++ Str+3 Dex-4 SInv}
   (You found it on level 3 of the Dungeon)

   Str:       It affects your strength (+3).
   Dex:       It affects your dexterity (-4).
   rF:        It greatly protects you from fire.
   rPois:     It protects you from poison.
   SInv:      It lets you see invisible.
Armour
 t - a +0 helmet (worn)
 y - +0 steam dragon scales (worn)
Jewellery
 j - a ring of magical power (left hand)
 k - a ring of flight (right hand)
 x - a ring of poison resistance
 A - a ring of fire
Wands
 v - a wand of paralysis (7)
Scrolls
 c - a scroll of silence
 d - 5 scrolls of vulnerability
 g - a scroll of fog
 h - a scroll of blinking
 i - 3 scrolls of enchant weapon
 l - 2 scrolls of poison
 p - 2 scrolls of immolation
 q - a scroll of amnesia
 u - a scroll of noise {unknown}
 B - a scroll of fear {unknown}
 C - a scroll of teleportation {unknown}
 D - 2 scrolls of butterflies {unknown}
 E - 2 scrolls of enchant armour {unknown}
Potions
 a - a potion of ambrosia
 b - a potion of magic
 e - a potion of haste {unknown}
 f - a potion of invisibility {unknown}
 m - 3 potions of curing {unknown}
 n - 3 potions of heal wounds {unknown}
 o - 2 potions of mutation {unknown}
 r - a potion of flight {unknown}
 w - a potion of berserk rage
 z - a potion of brilliance {unknown}


   Skills:
 - Level 1.7 Dodging
 - Level 1.7 Stealth
 + Level 8.3 Spellcasting
 + Level 9.6 Conjurations


You had 17 spell levels left.
You knew the following spells:

 Your Spells              Type           Power      Damage    Failure   Level
a - Magic Dart            Conj           100%       1d8       1%          1
b - Searing Ray           Conj           100%       2d8       1%          2
c - Iskenderun's Mystic   Conj/Tloc      44%        2d10      4%          4

Your spell library contained the following spells:

 Spells                   Type           Power      Damage    Failure   Level
 Dazzling Flash           Conj/Hex       88%        N/A       1%          3
 Hailstorm                Conj/Ice       44%        3d10      1%          3
 Freeze                   Ice            52%        1d6       3%          1
 Fulminant Prism          Conj/Hex       22%        3d12      4%          4
 Frozen Ramparts          Ice            26%        1d4       11%         3
 Volatile Blastmotes      Fire/Tloc      26%        2d12      11%         3
 Ice Form                 Ice/Tmut       13%        N/A       36%         4
 Lee's Rapid Deconstruct  Erth           6%         3d6*      71%         5
 Simulacrum               Ice/Necr       6%         N/A       99%         6


Dungeon Overview and Level Annotations

Branches:
Dungeon (7/15)             Temple (0/1) D:4           Sewer (visited)

Shops:
D:5 (

Annotations:
D:3 1 transporter, Chiseanne's ghost, amateur OpDe
D:7 1 runed translucent door, Joseph


Innate Abilities, Weirdness & Mutations

You have an increased reservoir of magic. (+10% MP)
You shall have no god before yourself.
Your divine heritage dramatically boosts your attributes as you level up.


Message History

Casting: Iskenderun's Mystic Blast (dangerous; 4% risk of failure)
Confirm with . or Enter, or press ? or * to list all spells.
Aiming: Searing Ray (safe; 1% risk of failure)
Press: ? - help, Shift-Dir - straight line, f/p - Joseph
Aim: Joseph, wielding a +0 sling, wearing a +0 ring mail and carrying a wand of flame (12) (moderately wounded, 85% to hit)
The searing ray hits Joseph.
Joseph is moderately wounded. (Press . to maintain the ray.) Joseph zaps a wand.
The puff of flame hits you. You resist.
The searing ray hits Joseph!
Joseph is heavily wounded.
Joseph shoots a sling bullet.
The sling bullet barely misses you.
The searing ray hits Joseph.
Joseph is severely wounded.
Joseph shouts, "I love to fight!
I love killing!"
Joseph shoots a sling bullet.
The sling bullet hits you!!
The searing ray hits Joseph.
Joseph is severely wounded.
You finish channelling your searing ray.
Unknown command.
Casting: Searing Ray (safe; 1% risk of failure)
Confirm with . or Enter, or press ? or * to list all spells.
You erupt in a blast of force!
The mystic blast hits Joseph!
Joseph is severely wounded.
Joseph is knocked back by the mystic blast.
Joseph zaps a wand.
The puff of flame misses you.
Unknown command.
Casting: Iskenderun's Mystic Blast (dangerous; 4% risk of failure)
Confirm with . or Enter, or press ? or * to list all spells.
Aiming: Searing Ray (safe; 1% risk of failure)
Press: ? - help, Shift-Dir - straight line, f/p - Joseph
Aim: Joseph, wielding a +0 sling, wearing a +0 ring mail and carrying a wand of flame (10) (severely wounded, 85% to hit)
The searing ray hits Joseph!
Joseph is almost dead. (Press . to maintain the ray.) Joseph shoots a sling bullet.
The sling bullet hits you!
* * * LOW HITPOINT WARNING * * *
The searing ray misses Joseph.
Joseph shoots a sling bullet.
The sling bullet hits you!!
You die...

#..# #.## .#
#.# .# #.# .#
#.# @# #.# .#
#.# .####
#.######....#
#.....@...@<#
####♣♣...♣♣.#
♣.._..♣
♣.....♣
♣♣♣♣♣♣♣


You could see Joseph.

Vanquished Creatures
  Pikel (D:4)
  Grinder (D:4)
  A steam dragon (D:4)
  A water moccasin (D:5)
  Pargi (Sewer)
  Duvessa (D:4)
  An ice beast (D:6)
  A sky beast (D:6)
  3 ogres
  3 centaurs
  A phantom (D:5)
  2 lemures (D:4)
  A kobold brigand (D:5)
  A gnoll sergeant (D:6)
  4 scorpions
  Dowan (D:4)
  5 hounds
  3 jellies
  2 orc priests
  A gnoll bouda (D:5)
  A sleepcap (D:5)
  4 iguanas
  5 orc wizards
  4 adders
  14 gnolls
  A shadow imp (D:5)
  2 white imps
  An ufetubus (D:4)
  3 worms
  3 dart slugs
  23 orcs
  7 ball pythons
  7 bats
  10 endoplasms
  4 giant cockroaches
  15 goblins
  7 hobgoblins
  3 jackals (D:4)
  11 kobolds
  3 quokkas
  2 frilled lizards (D:1)
  5 rats
170 creatures vanquished.

Notes
Turn   | Place    | Note
-------+----------+-------------------------------------------
     0 | D:1      | McKennaii the Demigod Conjurer began the quest for the Orb.
     0 | D:1      | Reached XP level 1. HP: 14/14 MP: 5/5
   272 | D:1      | Reached skill level 4 in Conjurations
   272 | D:1      | Reached XP level 2. HP: 20/20 MP: 3/7
   275 | D:1      | Learned a level 2 spell: Searing Ray
  1089 | D:2      | Reached XP level 3. HP: 26/26 MP: 5/9
  2178 | D:3      | Reached XP level 4. HP: 33/33 MP: 11/11
  2393 | D:3      | Identified the +10 dagger of Foziaku {flame, rPois rF++
                  | Str+3 Dex-4 SInv}
  2794 | D:3      | Reached skill level 5 in Conjurations
  2794 | D:3      | Reached XP level 5. HP: 33/38 MP: 13/13
  2865 | D:3      | Found a transporter.
  2872 | D:3      | Noticed Chiseanne's ghost (amateur OpDe)
  2872 | D:3      | Noticed an ogre
  2872 | D:3      | Noticed an ogre
  2874 | D:3      | Identified the +0 great mace "Dragonbane" {heavy, Stlth+}
  2874 | D:3      | Noticed an ogre
  3063 | D:3      | Learned a level 4 spell: Iskenderun's Mystic Blast
  3090 | D:4      | You are sucked into a shaft and drop 3 floors!
  3104 | D:7      | Found a runed translucent gate.
  3126 | D:6      | Noticed a centaur
  3129 | D:6      | Killed a centaur
  3161 | D:6      | Noticed an ogre
  3169 | D:6      | Killed an ogre
  3170 | D:6      | Reached XP level 6. HP: 28/45 MP: 10/15
  3228 | D:5      | Entered Level 5 of the Dungeon
  3286 | D:5      | Reached skill level 6 in Conjurations
  3296 | D:4      | Found a staircase to the Ecumenical Temple.
  3369 | D:4      | Found a glowing drain.
  3382 | Sewer    | Entered a sewer
  3472 | Sewer    | Noticed Pargi
  3484 | Sewer    | Killed Pargi
  3485 | Sewer    | Reached skill level 5 in Spellcasting
  3485 | Sewer    | Reached XP level 7. HP: 30/50 MP: 12/17
  3751 | D:4      | Noticed a steam dragon
  3826 | D:4      | Killed a steam dragon
  3827 | D:4      | Reached skill level 7 in Conjurations
  3964 | D:4      | Identified the +2 scimitar "Fiewk" {venom, rC- Dex+7}
  4178 | D:4      | Noticed Dowan
  4184 | D:4      | Killed Dowan
  4467 | D:5      | Noticed Grinder
  4468 | D:5      | Noticed Pikel
  4477 | D:4      | Killed Grinder
  4478 | D:4      | Reached XP level 8. HP: 43/57 MP: 16/21
  4566 | D:4      | Killed Pikel
  4567 | D:4      | Reached skill level 8 in Conjurations
  5249 | D:4      | Noticed Duvessa
  5258 | D:4      | Killed Duvessa
  5505 | D:5      | Reached XP level 9. HP: 62/62 MP: 24/24
  5881 | D:5      | Reached skill level 9 in Conjurations
  5994 | D:5      | Found Koecle's Weapon Emporium.
  7391 | D:7      | Noticed Joseph
  7405 | D:7      | Shot with a sling bullet by Joseph

Illustrated notes

Levels and vault maps discovered:
D:1:      matt_arrival_los_fun, layout_rooms, serial_glass, glass_columns_a,
          glass_columns_a, glass_columns_a, glass_columns_a, glass_columns_a
D:2:      cheibrodos_greedy_goblins, layout_basic
D:3:      layout_loops_cross, gammafunk_ghost_smash,
          nicolae_ecumenical_lake_church, kennysheep_nub, minmay_starry_boxes
D:4:      minmay_clustersquares, layout_rooms, lemuel_tele_altar,
          minmay_temple_entry_mist, portal_sewer_entry_a, uniq_duvessa
D:5:      layout_basic, nicolae_ru_path_of_blood, grunt_temple_overflow_open,
          serial_shops, nicolae_shop_tiny_waterfront, uniq_pikel, uniq_grinder
D:6:      cheibrodos_helix_gallery, layout_rooms
D:7:      layout_loops_ring, mainiacjoe_overflow_alcove_1,
          mainiacjoe_overflow_chevrons, mainiacjoe_overflow_alcove_4,
          biasface_ghost_orc_armoury, uniq_joseph

Skill      XL: |  1  2  3  4  5  6  7  8  9 |
---------------+----------------------------+-----
Spellcasting   | 2 3 4 5 6 7 8 |  8.3
Conjurations   | 4 5 6 7 8 9 |  9.6
Dodging        | |  1.7
Stealth        | |  1.7

Action                     |  1- 3 |  4- 6 |  7- 9 || total
---------------------------+-------+-------+-------++-------
  Melee: Unarmed           |    17 |       |       ||    17
         Dagger            |       |     5 |     3 ||     8
   Cast: Magic Dart        |    77 |    36 |   155 ||   268
         Searing Ray       |     4 |    23 |    46 ||    73
         Iskenderun's Myst |       |       |    22 ||    22
  Evoke: Wand              |       |       |     1 ||     1
    Use: Scroll            |       |       |     9 ||     9
 Armour: Robe              |    15 |    13 |     6 ||    34
         Steam dragon scal |       |       |    13 ||    13
  Dodge: Dodged            |    22 |    34 |    35 ||    91
